Map: Submarine LE

Players

Rex

  • Race: Zerg Zerg
  • League: Master
  • Spawn Location: 11:00

Nice - Winner!

  • Race: Protoss Protoss
  • Spawn Location: 5:00

Event: DreamHack SC2 Masters 2020 Summer TwHkMoJp

VOD

Have the link to the VOD?

Description

Time

  • Played on: June 26, 2020, 7:11 a.m.
  • Length: 10:31

All games in this series

Show
View Real Time Build Order
Export as new Build Order

Rex Zerg 

Build Orders: Pool First 

Get SALT Encoding   

  12  0:17  Spawning Pool  
  11  0:22  Drone  
  11  0:27  Drone  
  13  0:32  Drone  
  14  0:39  Overlord  
  14  1:04  Zergling x2  
  14  1:05  Zergling x4  
  17  1:21  Hatchery, Drone  
  17  1:30  Queen  
  19  1:37  Drone  
  20  1:41  Drone  
  21  1:49  Overlord  
  21  2:05  Drone  
  21  2:08  Queen  
  24  2:18  Drone  
  24  2:22  Drone  
  26  2:32  Drone  
  26  2:33  Queen  
  29  2:39  Zergling x4  
  29  2:40  Drone x2  
  33  2:44  Overlord  
  33  2:48  Queen  
  35  2:57  Drone  
  34  3:14  Drone x4  
  34  3:23  Drone x2  
  34  3:24  Drone x2, Overlord  
  38  3:29  Drone  
  39  3:37  Overlord  
  39  3:38  Drone  
  40  3:41  Extractor  
  40  3:42  Extractor  
  40  3:45  Drone  
  40  3:48  Drone  
  40  3:53  Drone  
  40  3:54  Drone x2  
  43  3:58  Drone x2, Overlord  
  43  3:59  Drone  
  43  4:00  Queen  
  48  4:03  Drone  
  48  4:12  Drone x2  
  48  4:13  Roach Warren  
  46  4:23  Drone  
  46  4:28  Evolution Chamber  
  45  4:32  Drone x4  
  45  4:33  Extractor  
  45  4:37  Overlord  
  48  4:43  Evolution Chamber  
  48  4:45  Spine Crawler  
  46  4:47  Lair  
  46  4:56  Roach x2  
  50  5:03  Roach  
  50  5:04  Roach  
  50  5:06  Evolution Chamber  
  53  5:14  Roach x3  
  58  5:29  Roach x6  
  58  5:34  Roach  
  71  5:42  Roach x2  
  75  5:48  Overlord x2  
  71  5:57  Roach x3  
  75  6:06  Overlord  
  70  6:15  Roach x2  
  70  6:17  Roach  
  72  6:18  Drone  
  72  6:23  Glial Reconstitution  
  72  6:25  Overseer  
  72  6:26  Drone  
  72  6:30  Drone  
  74  6:35  Zerg Missile Weapons Level 1  
  74  6:36  Drone  
  71  6:48  Drone x2  
  71  6:50  Drone  
  71  6:54  Drone  
  75  6:59  Overlord  
  75  7:00  Drone x2  
  77  7:09  Drone x2  
  79  7:23  Hatchery  
  79  7:28  Drone x6  
  77  7:32  Drone  
  77  7:35  Drone  
  77  7:36  Drone  
  79  7:51  Roach x4  
  86  8:05  Roach  
  86  8:06  Roach x4  
  86  8:11  Overseer  
  92  8:16  Zerg Ground Armor Level 1  
  92  8:18  Drone  
  93  8:22  Ravager x2  
  93  8:23  Ravager  
  93  8:26  Ravager  
  93  8:27  Drone, Overlord  
  96  8:30  Drone  
  96  8:33  Drone  
  99  8:36  Overseer  
  99  8:37  Metabolic Boost  
  99  8:42  Drone x3  
  99  8:44  Drone  
  103  8:52  Drone  
  103  8:53  Drone x4  
  103  8:54  Drone  
  109  9:00  Overlord  
  109  9:01  Overlord  
  107  9:16  Overlord x2  
  107  9:23  Roach x4  
  115  9:27  Drone x2  
  115  9:29  Drone  
  118  9:32  Extractor  
  118  9:34  Roach x3  
  123  9:43  Roach x4  
  131  9:48  Ravager  
  131  9:49  Ravager x2, Zergling x6  
  134  10:04  Roach x6  
  108  10:11  Roach x3  
Show
View Real Time Build Order
Export as new Build Order

Nice Protoss - Winner!

Build Orders:  

Get SALT Encoding   

  12  0:00  Probe  
  13  0:12  Probe  
  14  0:19  Pylon  
  14  0:25  Probe  
  15  0:35  Probe  
  15  0:41  Gateway  
  16  0:43  Probe  
  17  0:51  Probe  
  17  0:52  Assimilator  
  18  1:03  Probe  
  19  1:15  Probe  
  20  1:22  Gateway  
  20  1:24  Zealot  
  20  1:28  Cybernetics Core  
  22  1:33  Pylon  
  22  1:36  Probe  
  23  1:45  Zealot  
  25  2:03  Adept  
  25  2:09  Adept  
  25  2:14  Warp Gate  
  29  2:27  Nexus  
  29  2:33  Stalker  
  31  2:39  Pylon  
  31  2:43  Assimilator  
  31  2:57  Probe  
  32  3:09  Probe  
  29  3:21  Twilight Council, Probe  
  30  3:29  Probe  
  31  3:34  Probe  
  31  3:35  Robotics Facility  
  31  3:38  Resonating Glaives, Probe  
  32  3:43  Probe  
  32  3:48  Probe  
  34  3:53  Gateway, Probe  
  36  3:57  Gateway  
  36  4:00  Probe  
  37  4:05  Probe  
  38  4:12  Probe  
  39  4:21  Adept x2  
  39  4:22  Warp Prism  
  43  4:25  Probe  
  43  4:26  Probe  
  45  4:34  Pylon  
  47  4:44  Pylon  
  47  4:48  Adept  
  47  4:49  Adept x2  
  47  4:50  Adept  
  47  4:52  Probe x2  
  55  4:58  Observer  
  56  5:02  Pylon  
  56  5:04  Probe x2  
  58  5:14  Adept x2  
  58  5:15  Adept x2  
  58  5:17  Assimilator, Probe  
  58  5:19  Probe  
  68  5:42  Probe  
  65  5:44  Adept  
  65  5:45  Adept x3  
  65  5:46  Probe  
  65  5:49  Pylon  
  74  5:54  Probe  
  75  5:58  Assimilator  
  75  6:00  Pylon  
  71  6:05  Adept x3  
  71  6:06  Adept  
  71  6:09  Immortal  
  65  6:28  Forge  
  65  6:30  Probe x2  
  65  6:31  Pylon  
  67  6:37  Sentry x2  
  71  6:40  Immortal  
  69  6:53  Protoss Ground Weapons Level 1  
  71  6:56  Gateway  
  71  6:57  Gateway  
  71  6:59  Forge  
  71  7:09  Shield Battery  
  71  7:11  Pylon  
  71  7:13  Stalker x3  
  77  7:17  Stalker  
  77  7:18  Blink  
  77  7:20  Pylon  
  79  7:23  Immortal  
  83  7:42  Gateway  
  83  7:44  Gateway  
  83  7:53  Pylon  
  83  7:56  Immortal  
  83  8:01  Observer  
  87  8:06  Nexus  
  87  8:07  Pylon  
  87  8:10  Probe x2  
  89  8:17  Sentry x3, Shield Battery  
  95  8:22  Probe x2  
  97  8:34  Probe  
  97  8:38  Probe  
  97  8:39  Immortal  
  103  8:46  Probe  
  104  8:49  Pylon  
  104  9:00  Observer  
  104  9:02  Sentry x2, Probe x2  
  110  9:16  Probe  
  111  9:17  Probe  
  111  9:18  Immortal  
  111  9:20  Probe  
  117  9:32  Stalker x3  
  117  9:33  Stalker x2  
  117  9:36  Assimilator  
  117  9:37  Zealot  
  129  9:38  Assimilator  
  129  9:46  Photon Cannon, Stalker  
  129  9:47  Stalker  
  133  9:57  Stalker x2  
  133  9:58  Stalker  
  127  10:08  Stalker  
  127  10:09  Stalker  
  119  10:16  Stalker x2  
  119  10:17  Stalker x3  
Tags
 
Add a new tag
Caveats
  • Supply blocks, unpowered buildings, or Contaminate may cause inaccurate times.
  • Supply counts are checked every 10 seconds.